Map: Brückenkopf LE (Void)

Players

OperatorXD - Winner!

  • Race: Protoss Protoss
  • League: Grandmaster

DerGaukler

  • Race: Zerg Zerg

VOD

Have the link to the VOD?

Description

Time

  • Played on: Sept. 15, 2015, 1:48 p.m.
  • Length: 4:33
Show
View Real Time Build Order
Export as new Build Order

OperatorXD Protoss - Winner!

Build Orders: Nexus First 

Get SALT Encoding   

  12  0:01  Probe (Chrono Boost)  
  13  0:11  Probe (Chrono Boost)  
  14  0:18  Pylon  
  14  0:21  Probe (Chrono Boost)  
  15  0:36  Probe (Chrono Boost)  
  16  0:46  Probe (Chrono Boost)  
  17  0:58  Nexus  
  17  1:04  Probe (Chrono Boost)  
  18  1:14  Gateway  
  18  1:15  Probe (Chrono Boost)  
  19  1:25  Probe (Chrono Boost)  
  19  1:29  Pylon  
  20  1:35  Probe (Chrono Boost)  
  21  1:45  Probe (Chrono Boost)  
  22  1:48  Pylon  
  22  1:55  Probe (Chrono Boost)  
  23  2:01  Assimilator  
  23  2:05  Probe (Chrono Boost)  
  23  2:06  Cybernetics Core  
  23  2:08  Gateway  
  24  2:12  Zealot  
  26  2:16  Probe (Chrono Boost)  
  26  2:18  Probe (Chrono Boost)  
  28  2:26  Probe (Chrono Boost)  
  29  2:37  Probe (Chrono Boost)  
  29  2:38  Probe (Chrono Boost)  
  29  2:39  Zealot  
  33  2:47  Probe (Chrono Boost)  
  33  2:49  Probe (Chrono Boost)  
  34  2:58  Probe (Chrono Boost)  
  35  2:59  Probe (Chrono Boost)  
  35  3:05  Forge  
  36  3:06  Zealot  
  36  3:08  Gateway  
  36  3:10  Probe (Chrono Boost)  
  36  3:12  Probe (Chrono Boost)  
  39  3:15  Pylon  
  40  3:20  Probe (Chrono Boost)  
  40  3:22  Probe (Chrono Boost)  
  42  3:31  Zealot  
  44  3:38  Nexus  
  44  3:41  Zealot  
  46  3:46  Probe  
  46  3:47  Probe  
  48  3:56  Probe, Pylon  
  48  4:00  Probe, Pylon  
  48  4:01  Photon Cannon  
  50  4:06  Probe  
  53  4:12  Probe  
  53  4:16  Probe  
Show
View Real Time Build Order
Export as new Build Order

DerGaukler Zerg 

Build Orders: Pool First 

Get SALT Encoding   

  12  0:01  Drone  
  13  0:13  Overlord  
  13  0:17  Drone  
  14  0:31  Drone  
  14  0:32  Drone  
  16  0:44  Spawning Pool  
  16  0:45  Drone  
  16  0:50  Drone, Extractor  
  16  1:14  Hatchery  
  15  1:20  Drone x2  
  17  1:33  Queen  
  19  1:41  Overlord  
  19  1:46  Drone  
  20  1:50  Drone  
  21  2:00  Drone  
  22  2:02  Metabolic Boost  
  22  2:14  Zergling x2  
  23  2:18  Zergling x2  
  24  2:29  Queen  
  26  2:32  Drone  
  27  2:40  Overlord x2  
  27  2:48  Drone x2  
  27  2:49  Drone x2  
  31  3:06  Queen  
  31  3:09  Hatchery  
  32  3:13  Overlord  
  32  3:19  Drone  
  33  3:23  Drone x3  
  36  3:28  Zergling x6  
  39  3:40  Drone  
  42  3:41  Drone x2  
  42  3:43  Drone x2  
  44  4:09  Zergling x4  
  50  4:10  Zergling x12  
  50  4:14  Overlord x3  
Tags
 
Add a new tag
Caveats
  • Supply blocks, unpowered buildings, or Contaminate may cause inaccurate times.
  • Supply counts are checked every 10 seconds.